 Dungeon Crawl Stone Soup version 0.18.1-48-g4cf74bf (webtiles) character file.

13386 Kisielow the Nimble (level 12, -4/114 HPs)
             Began as a Merfolk Transmuter on Aug 11, 2016.
             Was a High Priest of Okawaru.
             Slain by a seven-headed hydra (6 damage)
             ... on level 1 of the Lair of Beasts.
             The game lasted 00:35:33 (13471 turns).

Kisielow the Nimble (Merfolk Transmuter)           Turns: 13471, Time: 00:35:33

Health: -4/114     AC:  6    Str:  9 (10) XL:     12   Next: 5%
Magic:  13/17      EV: 20    Int: 15 (17) God:    Okawaru [*****.]
Gold:   719        SH:  0    Dex: 20 (21) Spells: 3 memorised, 6 levels left

rFire  x . .     SeeInvis .       - Unarmed
rCold  + + +     Gourm    .     (armour currently unavailable)
rNeg   . . .     Faith    .     (shield currently unavailable)
rPois  +         Spirit   .     (helmet currently unavailable)
rElec  .         Dismiss  .     (cloak currently unavailable)
rCorr  .         Reflect  .     (gloves currently unavailable)
SustAt .         Harm     .     (boots currently unavailable)
MR     +....                    (no amulet)
Stlth  ++........               n - +6 ring of dexterity
                                o - +2 ring of strength

@: lethally poisoned (-4 -> -5), ice-form, somewhat resistant to hostile
enchantments, unstealthy
A: (change form in water), (swift swim), (beak), deterioration 1, magic
resistance 1, sense surroundings 1, weak 1, subdued magic 1, MP-powered wands,
(sturdy frame 0)
a: End Transformation, Heroism, Finesse, Renounce Religion


You were on level 1 of the Lair of Beasts.
You worshipped Okawaru.
Okawaru was extremely pleased with you.
You were not hungry.
You were a creature of crystalline ice.
You visited 3 branches of the dungeon, and saw 12 of its levels.

You collected 719 gold pieces.

Inventory:

Hand Weapons
 y - the +4 rapier of Modesty {flame, rF++ Int-3, unknown}
   (You found it on level 7 of the Dungeon)

   It has been specially enchanted to burn those struck by it, causing extra
   injury to most foes and up to half again as much damage against particularly
   susceptible opponents.
   It affects your intelligence (-3).
   It greatly protects you from fire.
Missiles
 a - 263 arrows
Armour
 b - a +1 robe (melded)
 m - a +2 pair of boots of running (melded)
 G - a cursed +0 cloak (melded)
 I - a +2 pair of gloves (melded)
 K - a +0 shield of cold resistance
Jewellery
 n - a +6 ring of dexterity (right front paw)
 o - a +2 ring of strength (left front paw)
 z - a +5 ring of strength
 C - a cursed ring of teleportation {unknown}
Wands
 s - a wand of flame (1/48)
 u - a wand of lightning (9/15)
 B - a wand of iceblast (8/15)
 H - a wand of flame (13/48)
Scrolls
 g - 4 scrolls of fear
 j - 3 scrolls of teleportation
 k - 2 scrolls of blinking
 l - a scroll of fog
 t - a scroll of amnesia
 v - a scroll of magic mapping
 L - a scroll of recharging
Potions
 e - a potion of agility
 f - a potion of ambrosia
 r - 3 potions of lignification
 w - a potion of resistance
 x - 3 potions of brilliance
 A - 3 potions of haste
Books
 c - a book of Changes

   Spells                             Type                      Level
   a - Beastly Appendage              Transmutation                1
   b - Sticks to Snakes               Transmutation                2
   c - Spider Form                    Transmutation/Poison         3
   d - Ice Form                       Ice/Transmutation            4
   e - Blade Hands                    Transmutation                5
 i - a book of Summonings

   Spells                             Type                      Level
   a - Recall                         Summoning/Translocation      3
   b - Aura of Abjuration             Summoning                    5
   c - Summon Demon                   Summoning                    5
   d - Summon Forest                  Summoning/Translocation      5
   e - Summon Mana Viper              Hexes/Summoning              5
   f - Shadow Creatures               Summoning                    6
 p - a book of Fire

   Spells                             Type                      Level
   a - Ignite Poison                  Fire/Transmutation/Poison    3
   b - Fireball                       Conjuration/Fire             5
   c - Bolt of Fire                   Conjuration/Fire             6
   d - Delayed Fireball               Conjuration/Fire             7
   e - Ring of Flames                 Charms/Fire                  7
Miscellaneous
 D - a phial of floods
Comestibles
 d - 5 bread rations
 h - 13 slices of pizza
 q - 8 beef jerkies
 E - 7 fruits
 J - a royal jelly


   Skills:
 - Level 9.1 Fighting
 - Level 12.7 Dodging
 - Level 11.8 Unarmed Combat
 * Level 3.9 Spellcasting
 - Level 11.1 Transmutations
 + Level 1.5 Invocations
 + Level 1.6 Evocations


You had 6 spell levels left.
You knew the following spells:

 Your Spells              Type           Power        Failure   Level  Hunger
e - Ice Form              Ice/Trmt       ###.....     17%         4    ####...
q - Spider Form           Trmt/Pois      ###.......   4%          3    ###....
w - Blade Hands           Trmt           ####......   4%          5    ######.


Dungeon Overview and Level Annotations

Branches:
Dungeon (10/15)            Temple (1/1) D:4            Lair (1/8) D:10
    Orc (0/2) D:9

Altars:
Ashenzari
Cheibriados
Dithmenos
Elyvilon
Fedhas
Gozag
Kikubaaqudgha
Makhleb
Nemelex Xobeh
Okawaru
Pakellas
Qazlal
Ru
Sif Muna
Trog
Vehumet
Xom
Yredelemnul
Zin
The Shining One

Shops:
D:6 =([(

Portals:
Trove: D:10 (give horn of Geryon)


Innate Abilities, Weirdness & Mutations

((You revert to your normal form in water.))
((You are very nimble and swift while swimming.))
((You have a beak for a mouth.))
Your body sometimes deteriorates upon taking damage.
You are resistant to hostile enchantments.
You passively map a small area around you.
You are weak. (Str -2)
Your spells are a little easier to cast, but a little less powerful.
You expend magic power (3 MP) to strengthen your wands.
((Your movements are slightly less encumbered by armour (ER -2).))


Message History

* * * LOW HITPOINT WARNING * * *
The seven-headed hydra barely misses you.
The seven-headed hydra completely misses you.
Casting: Ice Form
Confirm with . or Enter, or press ? or * to list all spells.
You turn into a creature of crystalline ice.
Your cursed +0 cloak melds into your body.
Your +2 pair of gloves melds into your body.
Your +2 pair of boots of running melds into your body.
Your +1 robe melds into your body.
You feel rather sluggish.
The seven-headed hydra closely misses you.
The seven-headed hydra barely misses you.
The seven-headed hydra bites you but does no damage.
The seven-headed hydra bites you!
* * * LOW HITPOINT WARNING * * *
The seven-headed hydra bites you but does no damage.
The seven-headed hydra bites you!
* * * LOW HITPOINT WARNING * * *
The seven-headed hydra bites you.
You die...

#####.##...#..... *
#####'##...#.......# ..
......##...#.......#.., , ,
......##...........#.
.......#...#........,
......##...#.......# ,
...................# , ,,
......+....#...^D..+
##P#####........Y..#, , ,,
####P##....#.......# ., ,
...........#...#####.. , ,
......................, , ...
...................... ....
.......................... ....
##.##P................... ...
#..####................., ...,...
...........#.#######...##+#P.+###


You could see a seven-headed hydra.

Vanquished Creatures
  The ghost of mishamorgan the Destroyer, a novice HEWz of Vehumet (D:10)
  3 hill giants
  3 spiny frogs (Lair:1)
  Psyche (D:10)
  3 komodo dragons
  A troll (D:9)
  The ghost of Gargoyl the Covered, an amateur DsAK of Lugonu (D:5)
  Grinder (D:3)
  The ghost of loom the Magician, an amateur DEWz of Vehumet (D:4)
  A vampire (D:9)
  A hog (D:7)
  A human (D:7)
  3 hungry ghosts
  3 hippogriffs
  3 wargs (D:9)
  2 porcupines (Lair:1)
  Duvessa (D:7)
  2 water moccasins (Lair:1)
  An ice beast (D:7)
  5 orc warriors
  A phantom (D:4)
  2 sky beasts
  7 ogres
  3 black bears
  A necrophage (D:8)
  4 wolves (Lair:1)
  8 centaurs
  3 crocodiles
  5 giant frogs
  A big kobold (D:8)
  A gnoll sergeant (D:8)
  Dowan (D:7)
  2 scorpions
  14 wights
  2 howler monkeys
  11 crimson imps
  9 hounds
  2 giant frog zombies
  3 jellies
  A centaur skeleton (D:10)
  8 orc priests
  2 gnoll shamans
  12 orc wizards
  A giant frog skeleton (D:9)
  8 iguanas
  5 worker ants
  11 sheep
  2 howler monkey zombies
  2 worker ant zombies
  19 gnolls
  A howler monkey skeleton (D:7)
  13 adders
  3 river rats
  A shadow imp (D:5)
  An ooze (D:3)
  2 adder skeletons
  An adder zombie (D:7)
  5 worms
  3 dart slugs
  7 giant geckos
  39 orcs
  3 ball pythons
  4 giant cockroaches
  6 goblins
  9 hobgoblins
  3 jackals
  12 kobolds
  A quokka (D:4)
  A ball python skeleton (D:4)
  18 bats
  7 giant newts
  A jackal skeleton (D:4)
  2 jackal zombies (D:5)
  A quokka zombie (D:6)
  21 rats
354 creatures vanquished.

Vanquished Creatures (others)
  3 fungi (D:10)
3 creatures vanquished.

Grand Total: 357 creatures vanquished

Notes
Turn   | Place    | Note
--------------------------------------------------------------
     0 | D:1      | Kisielow the Merfolk Transmuter began the quest for the Orb.
     0 | D:1      | Reached XP level 1. HP: 15/15 MP: 3/3
   163 | D:1      | Reached XP level 2. HP: 21/21 MP: 5/5
   869 | D:2      | Reached XP level 3. HP: 14/26 MP: 4/6
   906 | D:1      | Learned a level 3 spell: Spider Form
  1191 | D:2      | Found a faded altar to an unknown god.
  1239 | D:2      | Found a snail-covered altar of Cheibriados.
  1675 | D:2      | Reached XP level 4. HP: 28/32 MP: 7/7
  2592 | D:3      | Found an oddly glowing altar of Pakellas.
  2597 | D:3      | Reached skill level 5 in Unarmed Combat
  2600 | D:3      | Noticed Grinder
  2765 | D:4      | Noticed loom's ghost (amateur DEWz)
  2832 | D:4      | Killed loom's ghost
  2832 | D:4      | Reached XP level 5. HP: 9/37 MP: 4/8
  2832 | D:4      | Reached XP level 6. HP: 11/43 MP: 4/9
  3136 | D:4      | Reached skill level 3 in Dodging
  3142 | D:4      | Reached XP level 7. HP: 47/49 MP: 7/10
  3174 | D:4      | Identified a +2 pair of boots of running (You found it on level 4 of the Dungeon)
  3174 | D:4      | Gained mutation: You are clumsy. (Dex -2) [potion of mutation]
  3174 | D:4      | Gained mutation: You are weak. (Str -2) [potion of mutation]
  3174 | D:4      | Gained mutation: Your body sometimes deteriorates upon taking damage. [potion of mutation]
  3175 | D:4      | Gained mutation: Your spells are a little easier to cast, but a little less powerful. [potion of mutation]
  3175 | D:4      | Gained mutation: You expend magic power (3 MP) to strengthen your wands. [potion of mutation]
  3175 | D:4      | Gained mutation: You are resistant to hostile enchantments. [potion of mutation]
  3182 | D:4      | Learned a level 5 spell: Blade Hands
  3447 | D:4      | Found a staircase to the Ecumenical Temple.
  3458 | Temple   | Entered the Ecumenical Temple
  3473 | Temple   | Became a worshipper of Warmaster Okawaru
  3873 | D:4      | Reached skill level 4 in Dodging
  4758 | D:3      | Found a shattered altar of Ashenzari.
  4944 | D:3      | Killed Grinder
  4944 | D:3      | Reached * piety under Okawaru
  4944 | D:3      | Reached skill level 5 in Dodging
  4944 | D:3      | Reached XP level 8. HP: 53/60 MP: 8/11
  5275 | D:5      | Entered Level 5 of the Dungeon
  5279 | D:5      | Noticed Gargoyl's ghost (amateur DsAK)
  5286 | D:5      | Killed Gargoyl's ghost
  5525 | D:5      | Reached ** piety under Okawaru
  5525 | D:5      | Reached skill level 6 in Dodging
  5718 | D:5      | Reached skill level 5 in Fighting
  5900 | D:5      | Reached XP level 9. HP: 52/68 MP: 7/12
  6547 | D:6      | Found an iron altar of Okawaru.
  6563 | D:6      | Reached skill level 7 in Dodging
  6574 | D:6      | Reached *** piety under Okawaru
  6616 | D:6      | Found a shimmering altar of Xom.
  6639 | D:6      | Found Ucseg's Jewellery Boutique.
  6996 | D:6      | Found Vuaqikhli's Weapon Emporium.
  7022 | D:6      | Found Pofuskei's Armour Shoppe.
  7043 | D:6      | Found Tonuinni's Weapon Shop.
  7065 | D:6      | Gained mutation: Your movements are slightly less encumbered by armour (ER -2). [mutagenic meat]
  7069 | D:6      | Lost mutation: You are clumsy. (Dex -2) [mutagenic meat]
  7070 | D:6      | Gained mutation: You have a beak for a mouth. [mutagenic meat]
  7073 | D:6      | Gained mutation: You passively map a small area around you. [mutagenic meat]
  7267 | D:6      | Found a radiant altar of Vehumet.
  7267 | D:6      | Found a burning altar of Makhleb.
  7476 | D:7      | Reached skill level 10 in Unarmed Combat
  7574 | D:7      | Reached skill level 8 in Dodging
  7620 | D:7      | Reached **** piety under Okawaru
  7842 | D:7      | Learned a level 4 spell: Ice Form
  7867 | D:7      | Reached XP level 10. HP: 43/77 MP: 10/14
  8206 | D:7      | Noticed Duvessa
  8210 | D:7      | Noticed Dowan
  8331 | D:8      | Reached skill level 10 in Transmutations
  8524 | D:7      | Killed Duvessa
  8536 | D:7      | Killed Dowan
  8837 | D:7      | Got a warped rapier
  9286 | D:8      | Found a shadowy altar of Dithmenos.
  9592 | D:8      | You fall through a shaft for 2 floors!
  9592 | D:10     | Entered Level 10 of the Dungeon
  9592 | D:10     | Noticed mishamorgan's ghost (novice HEWz)
  9618 | D:10     | Killed mishamorgan's ghost
  9618 | D:10     | Reached skill level 9 in Dodging
  9652 | D:10     | Noticed Psyche
  9662 | D:10     | Killed Psyche
  9662 | D:10     | Reached ***** piety under Okawaru
  9818 | D:10     | Received a gift from Okawaru
  9822 | D:10     | Found a portal to a secret trove of treasure.
  9847 | D:10     | Noticed a hill giant
  9880 | D:10     | Killed a hill giant
  9880 | D:10     | Reached skill level 10 in Dodging
  9880 | D:10     | Reached XP level 11. HP: 58/84 MP: 11/15
 10310 | D:10     | Noticed a hill giant
 10331 | D:10     | Killed a hill giant
 10331 | D:10     | Reached skill level 11 in Dodging
 10541 | D:9      | Found a staircase to the Orcish Mines.
 11463 | D:9      | Found a sacrificial altar of Ru.
 11474 | D:9      | Found a stormy altar of Qazlal.
 11762 | D:9      | Found a glowing golden altar of the Shining One.
 12029 | D:8      | Noticed a hill giant
 12037 | D:8      | Killed a hill giant
 12037 | D:8      | Received a gift from Okawaru
 12063 | D:8      | Reached skill level 12 in Dodging
 12341 | D:10     | Found a staircase to the Lair.
 12457 | Lair:1   | Entered Level 1 of the Lair of Beasts
 13207 | Lair:1   | Reached skill level 1 in Evocations
 13427 | Lair:1   | Reached skill level 1 in Invocations
 13427 | Lair:1   | Reached XP level 12. HP: 95/95 MP: 12/17
 13461 | Lair:1   | Noticed a seven-headed hydra
 13471 | Lair:1   | HP: 2/114 [seven-headed hydra (11)]
 13471 | Lair:1   | Slain by a seven-headed hydra

Skill      XL: |  1  2  3  4  5  6  7  8  9 10 11 |
---------------+----------------------------------+-----
Unarmed Combat | 4 5 7 8 10 11 | 11.8
Transmutations | 3 6 7 8 11 | 11.1
Dodging        | 3 5 6 8 10 12 | 12.7
Fighting       | 3 5 6 7 9 |  9.1
Spellcasting   | 3 |  3.9
Evocations     | 1 |  1.6
Invocations    | 1 |  1.5

Action                   |  1- 3 |  4- 6 |  7- 9 | 10-12 || total
-------------------------+-------+-------+-------+-------++-------
Melee: Unarmed           |   107 |   110 |   393 |   525 ||  1135
       Headbutt          |     2 |       |       |       ||     2
       Punch             |       |     1 |    13 |    22 ||    36
       Peck              |       |       |     2 |    77 ||    79
 Cast: Beastly Appendage |     1 |       |       |       ||     1
       Spider Form       |       |     6 |    16 |     9 ||    31
       Blade Hands       |       |       |    12 |    27 ||    39
       Ice Form          |       |       |       |     3 ||     3
Invok: Heroism           |       |       |       |     3 ||     3
Evoke: Wand              |       |       |       |     4 ||     4
  Use: Scroll            |       |     8 |     8 |     7 ||    23
       Potion            |       |       |     6 |     2 ||     8
 Stab: Sleeping          |     2 |     2 |     1 |     1 ||     6
       Distracted        |       |       |     1 |       ||     1
  Eat: Chunk             |     2 |     6 |    28 |    35 ||    71
Armor: Robe              |    20 |     6 |    34 |    62 ||   122
       Skin              |       |       |     4 |     6 ||    10
Dodge: Dodged            |    71 |    66 |   297 |   603 ||  1037
